 Dungeon Crawl Stone Soup version 0.26-a0-638-gcca6ad1b57 (webtiles) character file.

Game seed: 11616439283326631444

5431 DogServant the Fighter (level 10, -9/101 HPs)
             Began as a Minotaur Berserker on Sept 14, 2020.
             Was a High Priest of Trog.
             Mangled by a two-headed ogre
             ... wielding a +0 giant spiked club
              (22 damage)
             ... on level 7 of the Dungeon.
             The game lasted 00:11:12 (8686 turns).

DogServant the Fighter (Minotaur Berserker)         Turns: 8686, Time: 00:11:13

Health: -9/101     AC:  8    Str: 24    XL:     10   Next: 40%
Magic:  9/9        EV:  9    Int:  4    God:    Trog [*****.]
Gold:   254        SH:  0    Dex: 11    Spells: 9/9 levels left

rFire    . . .     SeeInvis .   f - +0 battleaxe
rCold    . . .     Faith    .   (shield currently unavailable)
rNeg     . . .     Spirit   .   t - +0 chain mail
rPois    +         Reflect  .   (helmet restricted)
rElec    .         Harm     .   (no cloak)
rCorr    .         Rampage  .   (no gloves)
MR       .....                  (no boots)
Stlth    ..........             (no amulet)
HPRegen  0.26/turn              h - ring of poison resistance
MPRegen  0.11/turn              (no ring)

@: berserk cooldown, slowed, very slow
A: retaliatory headbutt, horns 2
a: Berserk, Trog's Hand, Brothers in Arms, Renounce Religion


You were on level 7 of the Dungeon.
You worshipped Trog.
Trog was extremely pleased with you.
You visited 1 branch of the dungeon, and saw 8 of its levels.

You collected 443 gold pieces.
You spent 189 gold pieces at shops.

Inventory:

Hand Weapons
 f - a +0 battleaxe (weapon)
Armour
 b - a +1 animal skin
 e - a +0 pair of boots
 t - a +0 chain mail (worn)
Jewellery
 h - a ring of poison resistance (left hand)
 o - a cursed ring of stealth {unknown}
Wands
 z - a wand of iceblast (23)
Scrolls
 c - a scroll of immolation
 d - a scroll of random uselessness {unknown}
 j - 2 scrolls of amnesia {unknown}
 l - a scroll of enchant armour
 q - a scroll of magic mapping {unknown}
 r - 3 scrolls of blinking
 s - 8 scrolls of teleportation {unknown}
 v - a scroll of fear {unknown}
 w - 6 scrolls of remove curse
 y - 5 scrolls of identify
Potions
 a - 2 potions of invisibility {unknown}
 g - 4 potions of brilliance
 i - 8 potions of curing
 k - 2 potions of ambrosia
 m - 2 potions of degeneration
 n - 2 potions of lignification {unknown}
 p - 5 potions of flight {unknown}
 x - 2 potions of haste {unknown}
 A - 3 potions of stabbing {unknown}


   Skills:
 + Level 13.1 Fighting
 + Level 13.1 Axes
 - Level 2.5 Armour
 - Level 2.2 Dodging


You had 9 spell levels left.
You didn't know any spells.
Your spell library was empty.

Dungeon Overview and Level Annotations

Branches:
Dungeon (8/15)             Temple (0/1) D:4
   Lair: D:8-11

Altars:
Dithmenos
Nemelex Xobeh
Sif Muna
Yredelemnul

Shops:
D:5 :   D:7 ?

Annotations:
D:4 2 transporters, Nr616's ghost, amateur SpAM


Innate Abilities, Weirdness & Mutations

You reflexively headbutt those who attack you in melee.
You have a pair of horns on your head.


Message History

You start resting.
You are no longer berserk.
You are exhausted.
You feel yourself slow down.
You start resting.
A two-headed ogre comes into view.
It is wielding a +0 giant spiked club and a +0 giant club.
A two-headed ogre is nearby!
The two-headed ogre shouts in stereo!
Things that are here:
a +0 giant club; a +0 dire flail The two-headed ogre barely misses you.
The two-headed ogre hits you with a +0 giant club!
* * * LOW HITPOINT WARNING * * *
There is a stone staircase leading up, spattered with blood here.
The two-headed ogre hits you but does no damage.
The two-headed ogre barely misses you.
You climb upwards.
There is a stone staircase leading down here.
The two-headed ogre hits you with a +0 giant spiked club!!
You die...

###.# ##.. #.# #... #.# #.## #.#
#.## #.# #... ##.###...
#........
##################.###...
#######......O@........### #.#.
#.....#....#.####..###.# #...
##.....#.###..####..###[# #.##
#........# #..(.......#.# #...
#........###..####..#.#.# ###.
#......#....#...........# #.
#.#....#......#######.### #.
#...<....)......#.......# #.
#...##.#.......<#.##.#..#######.


You could see a two-headed ogre.

Vanquished Creatures
  Harold (D:7)
  A two-headed ogre (D:8)
  Pikel (D:6)
  Maggie (D:6)
  Prince Ribbit (D:6)
  Eustachio (D:6)
  Grum (D:8)
  2 ice beasts
  2 sky beasts
  2 ogres
  4 orc warriors
  A black bear (D:6)
  3 wolves (D:8)
  A lemure (D:6)
  A bullfrog (D:2)
  A scorpion (D:5)
  A water moccasin skeleton (D:5)
  2 howler monkeys
  3 bullfrog zombies
  A centaur zombie (D:6)
  5 hounds
  7 orc wizards
  8 orc priests
  A jelly (D:7)
  2 bullfrog skeletons
  2 iguanas
  6 worker ants
  2 hound zombies
  3 worker ant zombies
  4 gnolls (D:4)
  13 adders
  2 howler monkey skeletons
  A shadow imp (D:5)
  A white imp (D:6)
  An ooze (D:3)
  An adder skeleton (D:4)
  4 worms
  A dart slug (D:3)
  3 leopard geckos
  32 orcs
  5 giant cockroaches
  7 hobgoblins
  10 jackals
  3 quokkas
  A ball python (D:1)
  6 bats
  4 frilled lizards
  10 goblins
  A jackal skeleton (D:4)
  A jackal zombie (D:8)
  14 kobolds
  2 quokka skeletons (D:5)
  A quokka zombie (D:5)
  5 rats
200 creatures vanquished.

Notes
Turn   | Place    | Note
-------+----------+-------------------------------------------
     0 | D:1      | DogServant the Minotaur Berserker began the quest for the
                  | Orb.
     0 | D:1      | Reached XP level 1. HP: 19/19 MP: 0/0
   183 | D:1      | Reached XP level 2. HP: 27/27 MP: 1/1
   381 | D:1      | Reached ** piety under Trog
   639 | D:1      | Reached XP level 3. HP: 31/34 MP: 2/2
   881 | D:2      | Found a basalt altar of Yredelemnul.
  1069 | D:2      | Noticed a bullfrog
  1080 | D:2      | Killed a bullfrog
  1080 | D:2      | Reached skill level 5 in Fighting
  1080 | D:2      | Reached skill level 5 in Axes
  1080 | D:2      | Reached XP level 4. HP: 12/42 MP: 3/3
  1350 | D:2      | Found a shadowy altar of Dithmenos.
  1545 | D:2      | Reached XP level 5. HP: 43/48 MP: 4/4
  1863 | D:2      | Found a shimmering blue altar of Sif Muna.
  1985 | D:2      | Found a sparkling altar of Nemelex Xobeh.
  2241 | D:3      | Reached *** piety under Trog
  2923 | D:4      | Noticed an orc warrior
  2937 | D:4      | HP: 2/75 [orc warrior/+0 war axe (12)]
  2938 | D:4      | Killed an orc warrior
  2938 | D:4      | Reached XP level 6. HP: 3/58 MP: 5/5
  3554 | D:4      | Noticed Nr616's ghost (amateur SpAM)
  3555 | D:4      | Found a transporter.
  3556 | D:4      | Noticed an ice beast
  3738 | D:4      | Found a staircase to the Ecumenical Temple.
  3760 | D:4      | Reached XP level 7. HP: 66/66 MP: 6/6
  4076 | D:4      | Found a transporter.
  4399 | D:5      | Entered Level 5 of the Dungeon
  4648 | D:5      | Reached **** piety under Trog
  5016 | D:5      | Found Ijab's Book Emporium.
  5167 | D:5      | Reached XP level 8. HP: 70/75 MP: 7/7
  5476 | D:6      | Noticed Pikel
  5500 | D:6      | Killed Pikel
  5516 | D:6      | Reached skill level 10 in Fighting
  5516 | D:6      | Reached skill level 10 in Axes
  5836 | D:6      | Noticed Prince Ribbit
  5864 | D:6      | Reached XP level 9. HP: 45/86 MP: 8/8
  5874 | D:6      | Killed Prince Ribbit
  6140 | D:6      | Reached ***** piety under Trog
  6843 | D:6      | Noticed Eustachio
  6880 | D:6      | Killed Eustachio
  7193 | D:6      | Noticed Maggie
  7206 | D:6      | Killed Maggie
  7785 | D:7      | Found Sodajol's Magic Scroll Emporium.
  7900 | D:7      | Bought a scroll of identify for 28 gold pieces
  7900 | D:7      | Bought a scroll of identify for 28 gold pieces
  7900 | D:7      | Bought a scroll of identify for 28 gold pieces
  7900 | D:7      | Bought a scroll of blinking for 105 gold pieces
  7991 | D:7      | Noticed Harold
  8023 | D:7      | Killed Harold
  8023 | D:7      | Reached XP level 10. HP: 51/99 MP: 9/9
  8643 | D:8      | Noticed Grum
  8647 | D:8      | Noticed a two-headed ogre
  8654 | D:8      | Killed Grum
  8659 | D:8      | Killed a two-headed ogre
  8677 | D:8      | Noticed a two-headed ogre
  8686 | D:7      | Mangled by a two-headed ogre

Illustrated notes

Levels and vault maps discovered:
D:1:      heliophobic_arrival_ceremonial_halls, layout_basic
D:2:      layout_loops_ring, marbit_many_paths, nicolae_overflow_hidden_temple,
          led_sif_pool, lemuel_round_altar
D:3:      layout_loops_ring, hangedman_decor_points
D:4:      layout_loops_ring, minmay_temple_entry_proselytizer,
          gammafunk_ghost_arena, kennysheep_opposing_triangles
D:5:      layout_loops_corners, serial_shops, nicolae_shop_trees
D:6:      layout_loops_ring, uniq_pikel, uniq_eustachio, uniq_maggie,
          uniq_prince_ribbit1
D:7:      layout_loops_cross, serial_shops, nicolae_shop_window_shopping,
          uniq_harold
D:8:      layout_basic, david_lair_generic, basic_altar, uniq_grum

Skill      XL: |  1  2  3  4  5  6  7  8  9 10 |
---------------+-------------------------------+-----
Axes           | 4 5 6 7 8 10 12 13 | 13.1
Fighting       | 4 5 6 7 8 10 12 13 | 13.1
Armour         | |  2.5
Dodging        | |  2.2

Action                   |  1- 3 |  4- 6 |  7- 9 | 10-12 || total
-------------------------+-------+-------+-------+-------++-------
Melee: Hand axe          |    58 |    87 |       |       ||   145
       Headbutt          |    10 |    28 |    58 |     5 ||   101
       Whip              |    19 |    16 |       |       ||    35
       War axe           |       |    33 |   310 |     7 ||   350
       Battleaxe         |       |       |       |    22 ||    22
Invok: Berserk           |       |     2 |     3 |     2 ||     7
       Trog's Hand       |       |       |     1 |       ||     1
Evoke: Wand              |       |       |     1 |       ||     1
  Use: Scroll            |     5 |     2 |     4 |       ||    11
       Potion            |       |       |     2 |       ||     2
 Stab: Sleeping          |     1 |     1 |       |       ||     2
Armor: Animal skin       |    22 |    14 |       |       ||    36
       Chain mail        |       |    13 |   153 |    11 ||   177
Dodge: Dodged            |    59 |    90 |   131 |    17 ||   297

Table legend: (Time is in decaauts)
 A = Elapsed time spent in this place.
 B = Non-inter-level travel time spent in this place.
 C = Inter-level travel time spent in this place.
 D = Time resting spent in this place.
 E = Time spent auto-exploring this place.
 F = Levels seen in this place.
 G = Mean time per level.
                   A        B        C        D        E       F      G
               +--------+--------+--------+--------+--------+-----+--------+
         Total |   8752 |   8535 |    217 |   1611 |   5630 |   8 | 1094.0 |
       Dungeon |   8752 |   8535 |    217 |   1611 |   5630 |   8 | 1094.0 |
               +--------+--------+--------+--------+--------+-----+--------+

Top non-repeatable levels by time:
     D:6: 1988 daAuts
     D:2: 1339 daAuts
     D:4: 1217 daAuts
     D:3: 1171 daAuts
     D:5: 1077 daAuts
     D:7: 954 daAuts
     D:1: 703 daAuts
     D:8: 300 daAuts
